 Dungeon Crawl Stone Soup version 0.30-a0-359-gd0147acb1a (webtiles) character file.

Game seed: 2120127271149627831

3175 SkiLLzEr0 the Cleaver (level 9, -16/73 (75) HPs)
             Began as a Minotaur Fighter on Nov 12, 2022.
             Was an Elder of Okawaru.
             Killed from afar by Maggie (19 damage)
             ... with a bolt of fire
             ... on level 7 of the Dungeon.
             The game lasted 00:26:07 (6235 turns).

SkiLLzEr0 the Cleaver (Minotaur Fighter)            Turns: 6235, Time: 00:26:07

HP:   -16/73 (75)   AC: 13    Str: 25    XL:     9   Next: 63%
MP:   8/8           EV:  7    Int:  5    God:    Okawaru [****..]
Gold: 363           SH:  5    Dex: 10    Spells: 8/8 levels left

rFire   . . .      SeeInvis .    a - +0 war axe
rCold   . . .      Faith    .    c - +0 buckler
rNeg    . . .      Spirit   .    z - +0 plate armour
rPois   +          Reflect  .    (helmet restricted)
rElec   .          Harm     .    (no cloak)
rCorr   .          Rampage  .    (no gloves)
Will    ++...      Rnd*Tele +    (no boots)
Stlth   ..........               (no amulet)
HPRegen 0.32/turn                t - ring of willpower
MPRegen 0.11/turn                m - ring of willpower

@: mesmerised, lightly drained
A: horns 2, retaliatory headbutt, poison resistance, teleportitis 1
a: Renounce Religion, Heroism, Finesse


You were on level 7 of the Dungeon.
You worshipped Okawaru.
Okawaru was greatly pleased with you.
You visited 2 branches of the dungeon, and saw 8 of its levels.

You collected 363 gold pieces.

Inventory:

Hand Weapons
 a - a +0 war axe (weapon)
Missiles
 e - 2 javelins
 q - 4 poisoned darts (quivered)
 C - 7 boomerangs
Armour
 c - a +0 buckler (worn)
 z - a +0 plate armour (worn)
Jewellery
 f - a ring of protection from fire
 m - a ring of willpower (right hand)
 p - a ring of protection from cold
 t - a ring of willpower (left hand)
Wands
 G - a wand of paralysis (8)
Scrolls
 g - a scroll of brand weapon {unknown}
 k - 2 scrolls of fear {unknown}
 n - 2 scrolls of amnesia {unknown}
 r - a scroll of blinking {unknown}
 u - 2 scrolls of enchant armour {unknown}
 w - a scroll of silence
 x - 2 scrolls of teleportation {unknown}
 y - a scroll of summoning {unknown}
 B - a scroll of enchant weapon {unknown}
 D - a scroll of immolation {unknown}
 E - a scroll of magic mapping {unknown}
 H - a scroll of noise {unknown}
Potions
 b - a potion of cancellation {unknown}
 d - a potion of might
 h - 2 potions of lignification {unknown}
 i - a potion of degeneration {unknown}
 j - 3 potions of attraction
 l - 2 potions of ambrosia {unknown}
 o - a potion of magic {unknown}
 s - 4 potions of curing
 v - a potion of heal wounds {unknown}
 A - a potion of haste {unknown}


   Skills:
 + Level 6.3 Fighting
 * Level 12.0 Axes
 + Level 4.8 Throwing
 + Level 7.5 Armour
 + Level 5.4 Shields


You had 8 spell levels left.
You didn't know any spells.
Your spell library contained the following spells:

 Spells                   Type           Power      Damage    Failure   Level
 Magic Dart               Conj           0%         1d3       100%        1
 Sandblast                Erth           0%         2d4       100%        1
 Ensorcelled Hibernation  Hex/Ice        0%         N/A       100%        2
 Passwall                 Tmut/Erth      0%         N/A       100%        2
 Scorch                   Fire           0%         2d5       100%        2
 Searing Ray              Conj           0%         2d4       100%        2
 Inner Flame              Hex/Fire       0%         N/A       100%        3
 Portal Projectile        Hex/Tloc       0%         N/A       100%        3
 Stone Arrow              Conj/Erth      0%         3d7       100%        3
 Swiftness                Air            0%         N/A       100%        3
 Flame Wave               Conj/Fire      0%         2d4       100%        4
 Fulminant Prism          Conj/Hex       0%         3d5       100%        4
 Blade Hands              Tmut           0%         N/A       100%        5
 Orb of Destruction       Conj           0%         9d5       100%        7
 Fire Storm               Conj/Fire      0%         5d1       100%        9
 Summon Guardian Golem    Hex/Summ       Unusable   N/A       N/A         3
 Tukima's Dance           Hex            Unusable   N/A       N/A         3
 Spellforged Servitor     Conj/Summ      Unusable   N/A       N/A         7

Dungeon Overview and Level Annotations

Branches:
Dungeon (7/15)             Temple (1/1) D:4

Altars:
Cheibriados
Elyvilon
Fedhas
Gozag
Hepliaklqana
Kikubaaqudgha
Makhleb
Nemelex Xobeh
Okawaru
Qazlal
Ru
Sif Muna
Trog
Vehumet
Wu Jian
Xom
Yredelemnul
Zin
The Shining One

Shops:
D:6 [

Annotations:
D:7 Maggie


Innate Abilities, Weirdness & Mutations

You have a pair of horns on your head.
You reflexively headbutt those who attack you in melee.
Your system is resistant to poisons. (rPois)
You are occasionally teleported next to monsters.


Message History

Maggie attempts to bespell you!
You easily resist.
You are too injured to fight recklessly!
Throw: 6 darts (poison)
Press: ? - help, Q - select action, (/) - cycle Shift-Dir - straight line, f - Maggie
Aim: Maggie, wielding a +4 scimitar of draining, wearing +0 steam dragon scales and carrying a wand of iceblast (3) (moderately wounded, 62% to hit)
You throw a poisoned dart. The poisoned dart hits Maggie!
Maggie is poisoned.
Maggie is moderately wounded.
Throw: 5 darts (poison)
Press: ? - help, Q - select action, (/) - cycle Shift-Dir - straight line, f/p - Maggie
Aim: Maggie, wielding a +4 scimitar of draining, wearing +0 steam dragon scales and carrying a wand of iceblast (3) (moderately wounded, very poisoned, 62% to hit)
You throw a poisoned dart. The poisoned dart hits Maggie!
Maggie looks as sick as possible!
Maggie is moderately wounded.
You closely miss the orc. Your headbutt misses the orc.
The orc closely misses you. You furiously retaliate!
You headbutt the orc. You hit the orc but do no damage.
The orc is moderately wounded.
The orc hits you but does no damage.
Maggie casts a spell.
Maggie attempts to bespell you!
You are mesmerised by Maggie!
You slash the orc!
You kill the orc!
Okawaru accepts your kill.
You hit Maggie but do no damage.
Maggie is heavily wounded.
Maggie points at you and mumbles some strange words.
The bolt of fire hits you.
* * * LOW HITPOINT WARNING * * *
You slash Maggie!
Maggie is severely wounded.
Maggie hits you with a +4 scimitar of draining!
* * * LOW HITPOINT WARNING * * *
You feel drained.
* * * LOW HITPOINT WARNING * * *
You hit Maggie but do no damage.
Maggie is severely wounded.
Maggie casts a spell at you. The bolt of fire hits you!!
You die...

##.#.#.##.# #.# ##.#.#.##.#
#.# ##.#.#.##.######/#
##.#...........#.#
.#.###.###..##.#.#
.#.###.####.##.#.# .#
.#.......##.##.#.# y#
....##.#.##..#.#.# y#
.......#.###.#.#@# .#
###..#.#.# #.#.#@# .#
##...#.###...((# .#
#...........#.####.#.###.
####.#.#.#####.....y..o(..(.
.....#.#.#......#.#...#.###.
######.#.#.####.....###
........).........>..#
#####.#.#...########.#


You could see Maggie (mesmerising, very poisoned).

Vanquished Creatures
  Pikel (D:7)
  A hornet (D:7)
  Prince Ribbit (D:7)
  Eustachio (D:6)
  A steam dragon (D:5)
  2 water moccasins (D:7)
  A sky beast (D:7)
  A black bear (D:5)
  A centaur (D:7)
  2 phantoms
  Blork the orc (D:6)
  3 bullfrogs
  3 scorpions
  A necrophage (D:6)
  4 wights (D:7)
  4 killer bees (D:7)
  A howler monkey (D:4)
  A hound (D:7)
  2 orc priests (D:7)
  3 jellies
  An iguana (D:6)
  3 orc wizards (D:7)
  6 adders
  11 gnolls
  2 shadow imps
  A white imp (D:7)
  4 worms
  24 orcs
  2 bats (D:2)
  4 endoplasms
  4 giant cockroaches
  4 goblins
  4 hobgoblins
  3 jackals (D:4)
  3 quokkas
  6 ball pythons
  3 frilled lizards
  7 kobolds
  6 rats
133 creatures vanquished.

Vanquished Creatures (others)
  2 fungi (D:4)
  10 plants
12 creatures vanquished.

Grand Total: 145 creatures vanquished

Notes
Turn   | Place    | Note
-------+----------+-------------------------------------------
     0 | D:1      | SkiLLzEr0 the Minotaur Fighter began the quest for the Orb.
     0 | D:1      | Reached XP level 1. HP: 19/19 MP: 0/0
   245 | D:1      | Reached XP level 2. HP: 27/27 MP: 1/1
   624 | D:1      | Found a faded altar of an unknown god.
   789 | D:2      | Reached skill level 3 in Axes
   906 | D:2      | Reached XP level 3. HP: 32/33 MP: 2/2
  1498 | D:3      | Reached skill level 4 in Axes
  1498 | D:3      | Reached XP level 4. HP: 40/40 MP: 3/3
  1625 | D:3      | Found a white marble altar of Elyvilon.
  1625 | D:3      | Found an ancient bone altar of Kikubaaqudgha.
  1626 | D:3      | Found a bloodstained altar of Trog.
  1645 | D:3      | Found a shimmering blue altar of Sif Muna.
  2081 | D:4      | Reached XP level 5. HP: 35/46 MP: 4/4
  2137 | D:4      | Found a stormy altar of Qazlal.
  2158 | D:4      | Found a staircase to the Ecumenical Temple.
  2167 | Temple   | Entered the Ecumenical Temple
  2172 | Temple   | Became a worshipper of Warmaster Okawaru
  2250 | D:4      | Reached skill level 5 in Axes
  2428 | D:4      | Reached skill level 6 in Axes
  2562 | D:4      | Noticed a phantom
  2579 | D:4      | Killed a phantom
  2580 | D:4      | Reached XP level 6. HP: 42/53 MP: 5/5
  2667 | D:4      | Found a blossoming altar of Fedhas.
  2688 | D:4      | Gained mutation: Your body sometimes deteriorates upon
                  | taking damage. [potion of mutation]
  2688 | D:4      | Gained mutation: Your body often deteriorates upon taking
                  | damage. [potion of mutation]
  2688 | D:4      | Gained mutation: You possess an exceptional clarity of
                  | mind. [potion of mutation]
  2689 | D:4      | Lost mutation: Your body often deteriorates upon taking
                  | damage. [potion of mutation]
  2689 | D:4      | Lost mutation: Your body sometimes deteriorates upon taking
                  | damage. [potion of mutation]
  2689 | D:4      | Lost mutation: You possess an exceptional clarity of mind.
                  | [potion of mutation]
  2689 | D:4      | Gained mutation: You are occasionally teleported next to
                  | monsters. [potion of mutation]
  2689 | D:4      | Gained mutation: Your system is resistant to poisons.
                  | (rPois) [potion of mutation]
  2853 | D:5      | Entered Level 5 of the Dungeon
  2868 | D:5      | Reached skill level 5 in Armour
  3055 | D:5      | Reached * piety under Okawaru
  3123 | D:5      | Reached skill level 7 in Axes
  3123 | D:5      | Reached XP level 7. HP: 51/60 MP: 6/6
  3252 | D:5      | Noticed a steam dragon
  3290 | D:5      | Killed a steam dragon
  3291 | D:5      | Reached skill level 8 in Axes
  3291 | D:5      | Reached skill level 1 in Throwing
  3810 | D:5      | Reached ** piety under Okawaru
  3950 | D:6      | Noticed Eustachio
  3977 | D:6      | Killed Eustachio
  3978 | D:6      | Reached skill level 5 in Fighting
  4088 | D:6      | Reached skill level 9 in Axes
  4088 | D:6      | Reached XP level 8. HP: 63/68 MP: 7/7
  4154 | D:6      | Found Numiuh's Armour Emporium.
  4302 | D:6      | Noticed Blork the orc
  4313 | D:6      | Killed Blork the orc
  4660 | D:6      | Found a radiant altar of Vehumet.
  4689 | D:6      | Got the Monograph on Pyromania
  5085 | D:7      | Noticed Pikel
  5099 | D:7      | Killed Pikel
  5099 | D:7      | Reached *** piety under Okawaru
  5100 | D:7      | Reached skill level 10 in Axes
  5100 | D:7      | Reached skill level 5 in Shields
  5248 | D:7      | Noticed Prince Ribbit
  5284 | D:7      | Killed Prince Ribbit
  5285 | D:7      | Reached XP level 9. HP: 28/75 MP: 8/8
  5440 | D:7      | Reached skill level 11 in Axes
  5559 | D:7      | Found a snail-covered altar of Cheibriados.
  5559 | D:7      | Found a faded altar of an unknown god.
  5567 | D:7      | Found a glowing silver altar of Zin.
  5569 | D:7      | Found an opulent altar of Gozag.
  5571 | D:7      | Found a faded altar of an unknown god.
  5747 | D:7      | Reached **** piety under Okawaru
  6190 | D:7      | Noticed Maggie
  6212 | D:7      | Reached skill level 12 in Axes
  6234 | D:7      | HP: 3/73 [Maggie/+4 scimitar of draining (6)]
  6235 | D:7      | Killed from afar by Maggie

Illustrated notes

Levels and vault maps discovered:
D:1:      shiori_arrival_elements, layout_basic,
          dilly_ecumenical_altar_fadedgnrine
D:2:      layout_loops_cross
D:3:      layout_basic, grunt_temple_overflow_cloverleaf
D:4:      layout_basic, grunt_temple_overflow_forces_of_nature,
          minmay_temple_entry_antechambers
D:5:      layout_cave_pods
D:6:      layout_loops_ring, mainiacjoe_overflow_paths, serial_shops, shop,
          minmay_misc_feat_nine_boxes, eino_tiny_chamber, uniq_eustachio,
          uniq_blork_the_orc
D:7:      minmay_thinvault, layout_basic, chequers_temple_overflow_minitemple,
          uniq_prince_ribbit1, uniq_maggie, uniq_pikel
Temple:   nicolae_temple_ecumenical_triangle

Skill      XL: |  1  2  3  4  5  6  7  8  9 |
---------------+----------------------------+-----
Axes           | 3 4 6 7 9 10 12 | 12.0
Fighting       | 4 5 6 |  6.3
Armour         | 4 5 6 7 |  7.5
Shields        | 4 5 |  5.4
Throwing       | 1 3 4 |  4.8

Action                   |  1- 3 |  4- 6 |  7- 9 || total
-------------------------+-------+-------+-------++-------
Melee: War axe           |    82 |    81 |   226 ||   389
       Headbutt          |    16 |    10 |    36 ||    62
Throw: Stone             |       |    17 |    15 ||    32
       Dart              |       |     4 |    65 ||    69
       Boomerang         |       |       |     5 ||     5
Invok: Heroism           |       |       |     1 ||     1
Evoke: Wand              |       |       |     4 ||     4
  Use: Scroll            |       |     4 |       ||     4
       Potion            |       |     2 |       ||     2
Armor: Scale mail        |    30 |    18 |       ||    48
       Chain mail        |       |     5 |       ||     5
       Plate armour      |       |       |    98 ||    98
Dodge: Dodged            |    57 |    48 |    69 ||   174
Block: Buckler           |    16 |    20 |    43 ||    79

Table legend: (Time is in decaauts)
 A = Elapsed time spent in this place.
 B = Non-inter-level travel time spent in this place.
 C = Inter-level travel time spent in this place.
 D = Time resting spent in this place.
 E = Time spent auto-exploring this place.
 F = Levels seen in this place.
 G = Mean time per level.
                   A        B        C        D        E       F      G
               +--------+--------+--------+--------+--------+-----+--------+
         Total |   6292 |   6020 |    272 |      0 |   5071 |   8 |  786.5 |
       Dungeon |   6252 |   5988 |    264 |      0 |   5047 |   7 |  893.1 |
        Temple |     39 |     31 |      8 |      0 |     24 |   1 |   39.0 |
               +--------+--------+--------+--------+--------+-----+--------+

Top non-repeatable levels by time:
     D:7: 1421 daAuts
     D:5: 1051 daAuts
     D:6: 912 daAuts
     D:4: 847 daAuts
     D:1: 738 daAuts
     D:3: 721 daAuts
     D:2: 559 daAuts
  Temple: 39 daAuts
